 Dungeon Crawl Stone Soup version 0.29-a0-551-gffc1d7fb78 (webtiles) character file.

Game seed: 5293314594320567228

1173 dolemite99 the Basher (level 8, -2/46 HPs)
             Began as a Gargoyle Fighter on June 6, 2022.
             Was a Priest of Lugonu.
             Slain by an iguana (11 damage)
             ... on level 5 of the Dungeon.
             The game lasted 00:08:07 (8250 turns).

dolemite99 the Basher (Gargoyle Fighter)            Turns: 8250, Time: 00:08:07

Health: -2/46      AC:  8    Str: 22    XL:     8   Next: 41%
Magic:  8/8        EV:  7    Int:  9    God:    Lugonu [***...]
Gold:   207        SH:  4    Dex:  9    Spells: 7/7 levels left

rFire   . . .      SeeInvis .   b - +0 whip (elec)
rCold   . . .      Faith    .   c - +0 buckler
rNeg    + . .      Spirit   .   l - +1 chain mail
rPois   ∞          Reflect  .   (no helmet)
rElec   +          Harm     .   (no cloak)
rCorr   .          Rampage  .   (no gloves)
Will    +....                   f - +0 pair of boots
Stlth   ..........              (no amulet)
HPRegen 0.15/turn               h - ring of willpower
MPRegen 0.11/turn               (no ring)

@: corroded
A: sickness immunity, AC +5, negative energy resistance 1, electricity
resistance, torment resistance 1, petrification resistance
a: Renounce Religion, Depart the Abyss, Bend Space, Banish


You were on level 5 of the Dungeon.
You worshipped Lugonu.
Lugonu was most pleased with you.
You visited 1 branch of the dungeon, and saw 6 of its levels.

You collected 333 gold pieces.
You spent 126 gold pieces at shops.

Inventory:

Hand Weapons
 a - a +2 flail
 b - a +0 whip of electrocution (weapon)
 i - a +0 dire flail of protection
Missiles
 k - a boomerang (quivered)
Armour
 c - a +0 buckler (worn)
 f - a +0 pair of boots (worn)
 l - a +1 chain mail (worn)
 p - a +0 scale mail
Jewellery
 h - a ring of willpower (left hand)
Wands
 o - a wand of polymorph (8)
 u - a wand of flame (19)
Scrolls
 q - 2 scrolls of fear
 r - a scroll of blinking
Potions
 d - a potion of attraction {unknown}
 e - 4 potions of curing
 g - a potion of flight
 m - 2 potions of magic
 s - a potion of brilliance
 t - a potion of resistance {unknown}


   Skills:
 - Level 3.2 Fighting
 + Level 10.0 Maces & Flails
 - Level 3.2 Armour
 - Level 3.2 Shields


You had 7 spell levels left.
You didn't know any spells.
Your spell library contained the following spells:

 Spells                   Type           Power      Damage    Failure   Level
 Apportation              Tloc           0%         N/A       99%         1
 Necrotize                Necr           0%         1d4       99%         1
 Sandblast                Erth           0%         2d4       99%         1
 Slow                     Hex            0%         N/A       99%         1
 Summon Small Mammal      Summ           0%         N/A       99%         1
 Passwall                 Tmut/Erth      0%         N/A       100%        2
 Confusing Touch          Hex            0%         N/A       100%        3
 Stone Arrow              Conj/Erth      0%         3d7       100%        3
 Vampiric Draining        Necr           0%         2d6       100%        3


Dungeon Overview and Level Annotations

Branches:
Dungeon (6/15)
 Temple: D:4-7

Altars:
Hepliaklqana
Kikubaaqudgha
Ru
Zin
Lugonu

Shops:
D:1 [   D:2 =   D:3 [   D:4 *[

Annotations:
D:2 exclusion: downstairs


Innate Abilities, Weirdness & Mutations

You are immune to sickness and miasma.
Your stone body is resilient. (AC +5)
You are immune to poison.
You resist negative energy. (rN+)
You are resistant to electric shocks. (rElec)
You are resistant to unholy torment.
You are immune to petrification.


Message History

The scorpion closely misses you.
You hit the scorpion. Lightning courses through the scorpion!
You kill the scorpion!
Lugonu accepts your kill. The iguana barely misses you.
The jelly hits you but does no damage.
Your Maces & Flails skill increases to level 10!
You completely miss the jelly. You block the iguana's attack.
The jelly barely misses you.
You barely miss the jelly. You hit the jelly. The acid corrodes you!
Your hands burn!
The jelly is moderately wounded.
The iguana bites you but does no damage.
The jelly hits you. The acid corrodes you!
You are splashed with acid!
* * * LOW HITPOINT WARNING * * *
You are too injured to fight recklessly!
You are too injured to fight recklessly!
You are too injured to fight recklessly!
You are too injured to fight recklessly!
You are too injured to fight recklessly!
You are too injured to fight recklessly!
You are too injured to fight recklessly!
You are too injured to fight recklessly!
You are too injured to fight recklessly!
You are too injured to fight recklessly!
You are too injured to fight recklessly!
You are too injured to fight recklessly!
You are too injured to fight recklessly!
You are too injured to fight recklessly!
You are too injured to fight recklessly!
You are too injured to fight recklessly!
You are too injured to fight recklessly!
You are too injured to fight recklessly!
You are too injured to fight recklessly!
You are too injured to fight recklessly!
You are too injured to fight recklessly!
You hit the jelly but do no damage.
Your hands burn!
* * * LOW HITPOINT WARNING * * *
The jelly is moderately wounded.
The iguana bites you!
You die...

########....##.....###.#.........
.......'....#.......##.....#.....
...#####...#....<....#.#.###.....
...# #...#.⌠.....⌠.#.#.###.....
...# #...#.........#...........
...# #...#...⌠.⌠.....#.####.#..
...# #...#....................#
...# #...#.⌠.l.J.⌠...#........#
...# #####...†@....#.#......#.#
...# ##....[..##.#.####.#.# ...#
##.....###..........# ########
########.#...######.#
.......######.#..###.#..........#
####.......##.#......#..#########
#.......##.##.####.......##..#
#.......##....# #...###.##.##
#.......##.#### #...'.......#


You could see an iguana and a jelly.

Vanquished Creatures
  Sigmund (D:3)
  Edmund (D:5)
  An ogre (D:5)
  A bullfrog (D:3)
  4 scorpions
  An orc priest (D:5)
  3 hounds
  A jelly (D:5)
  Natasha (thrice) (D:2)
  3 orc wizards (D:4)
  4 gnolls (D:4)
  3 adders
  A shadow imp (D:4)
  A white imp (D:5)
  2 ufetubi
  3 worms
  13 dart slugs
  9 orcs
  5 bats
  A bat zombie (D:4)
  5 endoplasms
  3 giant cockroaches
  8 goblins
  6 hobgoblins
  7 jackals (D:1)
  10 kobolds
  2 quokkas
  3 ball pythons
  2 frilled lizards
  2 rats (D:2)
  2 rat zombies (D:4)
111 creatures vanquished.

Vanquished Creatures (others)
  An orc wizard (D:4)
  A plant (D:3)
2 creatures vanquished.

Grand Total: 113 creatures vanquished

Notes
Turn   | Place    | Note
-------+----------+-------------------------------------------
     0 | D:1      | dolemite99 the Gargoyle Fighter began the quest for the
                  | Orb.
     0 | D:1      | Reached XP level 1. HP: 14/14 MP: 1/1
   217 | D:1      | Reached XP level 2. HP: 17/19 MP: 2/2
   386 | D:1      | Reached skill level 3 in Maces & Flails
  1052 | D:1      | Reached XP level 3. HP: 23/23 MP: 3/3
  1053 | D:1      | Found a faded altar of an unknown god.
  1087 | D:1      | Prayed at the altar of an unknown god.
  1087 | D:1      | Became a worshipper of Lugonu the Unformed
  1087 | D:1      | Reached * piety under Lugonu
  1087 | D:1      | Reached ** piety under Lugonu
  1777 | D:1      | Found Iraot's Armour Boutique.
  1784 | D:1      | Bought a +0 chain mail for 63 gold pieces
  1995 | D:2      | Noticed Natasha
  2011 | D:2      | Killed Natasha
  2012 | D:2      | Reached skill level 4 in Maces & Flails
  2012 | D:2      | Reached XP level 4. HP: 16/28 MP: 4/4
  2294 | D:2      | Noticed Natasha
  2308 | D:2      | Killed Natasha
  2584 | D:2      | Noticed Natasha
  2596 | D:2      | Killed Natasha
  2597 | D:2      | Reached skill level 5 in Maces & Flails
  2597 | D:2      | Reached XP level 5. HP: 16/32 MP: 5/5
  2766 | D:2      | Found Iblut's Jewellery Emporium.
  2969 | D:3      | Noticed Sigmund
  3169 | D:3      | Found Unkatsoa's Antique Armour Shoppe.
  3307 | D:4      | Found Zin's Purification Station.
  3307 | D:4      | Found a glowing silver altar of Zin.
  3322 | D:3      | Reached skill level 6 in Maces & Flails
  3598 | D:3      | Killed Sigmund
  3599 | D:3      | Reached skill level 7 in Maces & Flails
  3599 | D:3      | Reached XP level 6. HP: 37/37 MP: 6/6
  3878 | D:3      | Found a hazy altar of Hepliaklqana.
  4082 | D:4      | Found a sacrificial altar of Ru.
  4104 | D:4      | Reached *** piety under Lugonu
  4105 | D:4      | Reached XP level 7. HP: 33/41 MP: 7/7
  4369 | D:4      | Found an ancient bone altar of Kikubaaqudgha.
  4600 | D:4      | Found Oczian's Antique Armour Shoppe.
  5105 | D:4      | Reached skill level 8 in Maces & Flails
  5572 | D:4      | Found an ancient bone altar of Kikubaaqudgha.
  5695 | D:5      | Entered Level 5 of the Dungeon
  6105 | D:5      | Reached skill level 9 in Maces & Flails
  6105 | D:5      | Reached XP level 8. HP: 31/46 MP: 8/8
  7571 | D:1      | Bought a +0 pair of boots for 63 gold pieces
  7673 | D:6      | Noticed Edmund
  7699 | D:5      | Killed Edmund
  8247 | D:5      | Reached skill level 10 in Maces & Flails
  8250 | D:5      | Slain by an iguana

Illustrated notes

Levels and vault maps discovered:
D:1:      lemuel_arrival_tunnels, layout_basic, serial_shops, shop,
          ebering_ecumenical_altar_abandoned, minivault_27
D:2:      layout_rooms, serial_shops, shop, uniq_natasha
D:3:      layout_rooms, nicolae_hepliaklqana_hazy_memory, serial_shops,
          nicolae_shop_window_shopping, uniq_sigmund
D:4:      kennysheep_slugbush, layout_loops_corners, zin_purify,
          nicolae_ru_great_annihilating_truth,
          lemuel_zombie_altar_kikubaaqudgha, serial_shops,
          nicolae_shop_temple_entry_statues_fountains, kennysheep_flooded_box,
          kennysheep_generic_room_12
D:5:      layout_basic, grunt_ministairs_10, roderic_roman_lattice,
          skrybe_limestone_x
D:6:      layout_rooms, minmay_temple_entry_junction, minmay_quadrilaterals,
          uniq_edmund, uniq_menkaure, uniq_maggie

Skill      XL: |  1  2  3  4  5  6  7  8 |
---------------+-------------------------+-----
Maces & Flails | 3 4 5 7 9 10 | 10.0
Fighting       | |  3.2
Armour         | |  3.2
Shields        | |  3.2

Action                   |  1- 3 |  4- 6 |  7- 9 || total
-------------------------+-------+-------+-------++-------
Melee: Flail             |   119 |    90 |    81 ||   290
       Whip              |       |       |   127 ||   127
Throw: Boomerang         |    15 |    15 |    18 ||    48
  Use: Potion            |     4 |     2 |     2 ||     8
       Scroll            |       |     7 |    11 ||    18
 Stab: Paralysed         |       |     1 |       ||     1
Armor: Scale mail        |    91 |       |       ||    91
       Chain mail        |    34 |   104 |   116 ||   254
Dodge: Dodged            |    76 |    39 |    65 ||   180
Block: Buckler           |    30 |    18 |    25 ||    73

Table legend: (Time is in decaauts)
 A = Elapsed time spent in this place.
 B = Non-inter-level travel time spent in this place.
 C = Inter-level travel time spent in this place.
 D = Time resting spent in this place.
 E = Time spent auto-exploring this place.
 F = Levels seen in this place.
 G = Mean time per level.
                   A        B        C        D        E       F      G
               +--------+--------+--------+--------+--------+-----+--------+
         Total |   8276 |   7910 |    366 |   3524 |   3042 |   6 | 1379.3 |
       Dungeon |   8276 |   7910 |    366 |   3524 |   3042 |   6 | 1379.3 |
               +--------+--------+--------+--------+--------+-----+--------+

Top non-repeatable levels by time:
     D:5: 2295 daAuts
     D:1: 2081 daAuts
     D:4: 1760 daAuts
     D:2: 1240 daAuts
     D:3: 894 daAuts
     D:6: 4 daAuts
